 Dungeon Crawl Stone Soup version 0.19.0-18-g426998a (webtiles) character file.

16 Charmandara the Gusty (level 2, -2/18 HPs)
             Began as a Demigod Air Elementalist on Nov 11, 2016.
             Slain by Ijyb
             ... wielding a +0 club
              (4 damage)
             ... on level 2 of the Dungeon on Nov 12, 2016.
             The game lasted 00:03:32 (912 turns).

Charmandara the Gusty (Demigod Air Elementalist)     Turns: 912, Time: 00:03:32

Health: -2/18      AC:  2    Str: 14    XL:     2   Next: 27%
Magic:  3/7        EV: 12    Int: 19    God:
Gold:   55         SH:  0    Dex: 16    Spells: 1 memorised, 3 levels left

rFire  . . .     SeeInvis .     p - +0 whip
rCold  . . .     Gourm    .     a - +0 robe
rNeg   . . .     Faith    .     (no shield)
rPois  .         Spirit   .     (no helmet)
rElec  .         Reflect  .     (no cloak)
rCorr  .         Harm     .     (no gloves)
MR     .....     Rnd*Rage +     (no boots)
Stlth  +.........               (no amulet)
                                (no ring)
                                (no ring)

@: confused, mighty, flying
A: berserk 1, frail 1, high mp 1, weak 1
a: no special abilities


You were on level 2 of the Dungeon.
You were not hungry.

You visited 1 branch of the dungeon, and saw 2 of its levels.

You collected 55 gold pieces.

Inventory:

Hand Weapons
 p - a +0 whip (weapon)
   (You took it off a kobold on level 1 of the Dungeon)
Missiles
 d - 18 bolts
 f - 79 stones (quivered)
 j - 12 arrows
Armour
 a - a +0 robe (worn)
Scrolls
 e - a scroll of random uselessness {unknown}
 g - a scroll of noise {unknown}
 h - a scroll of remove curse {unknown}
 i - a scroll of enchant weapon {unknown}
 k - 3 scrolls of identify {unknown}
 l - a scroll of fog {unknown}
Books
 b - a book of Air
Comestibles
 c - a bread ration {@e1}
 q - a chunk of flesh {@w0}


   Skills:
 - Level 1.7 Dodging
 - Level 1.9 Stealth
 + Level 1.9 Spellcasting
 + Level 1.4 Conjurations
 * Level 3.0 Air Magic


You had 3 spell levels left.
You knew the following spells:

 Your Spells              Type           Power        Failure   Level  Hunger
a - Shock                 Conj/Air       ##..         10%         1    #......


Dungeon Overview and Level Annotations

Branches:
Dungeon (2/15)

Annotations:
D:2 Ijyb


Innate Abilities, Weirdness & Mutations

You have an increased reservoir of magic. (+10% MP)
You tend to lose your temper in combat.
You are frail. (-10% HP)
You are weak. (Str -2)


Message History

You hit the rat.
You kill the rat!
You see here a rat corpse.
You butcher the rat corpse.
q - a chunk of flesh {@w0}
(D) Dungeon
Where to? (Enter - D:2, ? - help)
There is a stone staircase leading down here.
You climb downwards.
A kobold and Ijyb come into view.
There is a stone staircase leading up here.
Unknown command.
The kobold shouts!
Ijyb shouts!
The kobold throws a stone.
The stone hits you.
You see here a stone.
You take 2 damage, and have 16/20 hp.
The kobold throws a stone.
The stone closely misses you.
Okay, then.
Ijyb zaps a wand.
You are confused.
It is a wand of confusion.
Unknown command.
You bump into the rock wall.
The kobold throws a stone.
The stone hits you.
You take 2 damage, and have 14/20 hp.
Unknown command.
Unknown command.
You're too confused to cast spells.
You bump into the rock wall.
You bump into the rock wall.
You feel less confused.
The zap hits Ijyb. x2; The zap hits the kobold.
You kill the kobold!
Your Air Magic skill increases to level 3!
Ijyb misses you.
You now have 6/7 mp.
The zap hits Ijyb. x2
Ijyb zaps a wand.
You resist with significant effort.
A bat comes into view.
You now have 5/7 mp.
The zap hits Ijyb.
The zap misses Ijyb.
The bat moves out of view.
Ijyb zaps a wand.
You resist with significant effort.
You now have 4/7 mp.
Unknown command.
The zap hits Ijyb.
The zap misses Ijyb.
Ijyb screams, "I dance on your bones!" Ijyb hits you but does no damage.
You now have 3/7 mp.
Unknown command.
Unknown command.
The zap misses Ijyb.
The zap hits Ijyb.
Ijyb zaps a wand.
You resist with significant effort.
You now have 2/7 mp.
The zap hits the bat. x2
You kill the bat!
Ijyb zaps a wand.
You are confused.
You now have 1/7 mp.
Unknown command.
You bump into the rock wall.
Ijyb misses you. Ijyb hits you with a club.
You see here a stone.
You take 3 damage, and have 11/20 hp.
You bump into the rock wall.
Ijyb hits you with a club.
You take 2 damage, and have 9/20 hp.
You closely miss Ijyb. Ijyb hits you but does no damage.
Ijyb completely misses you.
You feel less confused.
Ijyb zaps a wand.
You are confused.
Unknown command.
Ijyb zaps a wand.
You are more confused.
Unknown command.
You bump into the rock wall.
Ijyb closely misses you.
You bump into the rock wall.
Ijyb hits you with a club.
* * * LOW HITPOINT WARNING * * *
You take 3 damage, and have 6/20 hp.
You barely miss Ijyb. Ijyb hits you with a club.
* * * LOW HITPOINT WARNING * * *
You take 4 damage, and have 2/20 hp.
Unknown command.
You bump into the rock wall.
Ijyb completely misses you.
Unknown command.
It was a potion of mutation.
You feel extremely strange.
You feel weaker.
You feel a little pissed off.
You feel frail. Ijyb barely misses you.
Unknown command.
It was a potion of flight.
You feel very buoyant.
You fly up into the air.
It was a potion of might.
You feel very mighty all of a sudden.
Ijyb screams, "Level is mine!
All mine!"
Ijyb misses you.
You bump into the rock wall.
Ijyb hits you with a club.
You die...

.... ?.#. .........
........## .........
..(..#..
#.##.#.####...
.#######.##........#
.........# #†.#
.........###@##
..........)g(#
........(#####
.........#
.......<.#
.........#
.........#
.......[.#
.........#


You could see Ijyb.

Vanquished Creatures
  A leopard gecko (D:1)
  2 ball pythons (D:1)
  A giant cockroach (D:1)
  2 goblins (D:1)
  4 kobolds
  A bat (D:2)
  2 frilled lizards (D:1)
  3 rats (D:1)
16 creatures vanquished.

Notes
Turn   | Place    | Note
-------+----------+-------------------------------------------
     0 | D:1      | Charmandara the Demigod Air Elementalist began the quest for the Orb.
     0 | D:1      | Reached XP level 1. HP: 14/14 MP: 5/5
    63 | D:1      | Reached skill level 1 in Conjurations
   420 | D:1      | Reached XP level 2. HP: 20/20 MP: 5/7
   881 | D:2      | Noticed Ijyb
   892 | D:2      | Reached skill level 3 in Air Magic
   907 | D:2      | HP: 2/20 [Ijyb/club (4)]
   909 | D:2      | Gained mutation: You are weak. (Str -2) [potion of mutation]
   909 | D:2      | Gained mutation: You tend to lose your temper in combat. [potion of mutation]
   909 | D:2      | Gained mutation: You are frail. (-10% HP) [potion of mutation]
   912 | D:2      | Slain by Ijyb

Skill      XL: |  1  2 |
---------------+-------+-----
Conjurations   | 1 |  1.4
Air Magic      | 3 |  3.0
Dodging        | |  1.7
Stealth        | |  1.9
Spellcasting   | |  1.9

Action                   || total
-------------------------++-------
Melee: Unarmed           ||     5
       Whip              ||     5
 Cast: Shock             ||    29
  Use: Potion            ||     3
Armor: Robe              ||     4
Dodge: Dodged            ||    13

Vault maps used:
D:1:      tarquinn_simple_flora_water_c, hangedman_decor_points, st_stairs_10,
          interstate_on_off
D:2:      uniq_iyjb, uniq_jessica

Table legend:
 A = Turns spent in this place as a percentage of turns spent in the entire game.
 B = Non-inter-level travel turns spent in this place as a percentage of non-inter-level travel turns spent in the entire game.
 C = Inter-level travel turns spent in this place as a percentage of turns spent in this place.
 D = Turns resting spent in this place as a percentage of non-inter-level travel turns spent in this place.
 E = Turns spent auto-exploring this place as a percentage of non-inter-level travel turns spent in this place.
 F = Non-inter-level travel turns spent in this place divided by the number of levels of this place that you've seen.
                   A       B       C       D       E      F
               +-------+-------+-------+-------+-------+----------------------
         Total | 100.0 | 100.0 |   1.3 |   6.1 |  10.4 | 115.5
       Dungeon | 100.0 | 100.0 |   1.3 |   6.1 |  10.4 | 115.5
               +-------+-------+-------+-------+-------+----------------------

Table legend:
 A = Kills in this place as a percentage of kills in entire the game.
 B = Kills by you in this place as a percentage of kills by you in the entire game.
 C = Kills by friends in this place as a percentage of kills by friends in the entire game.
 D = Other kills in this place as a percentage of other kills in the entire game.
 E = Experience gained in this place as a percentage of experience gained in the entire game.
 F = Experience gained in this place divided by the number of levels of this place that you have seen.
                   A       B       C       D       E      F
               +-------+-------+-------+-------+-------+----------------------
         Total | 100.0 | 100.0 |  -nan |  -nan | 100.0 |  12.0
       Dungeon | 100.0 | 100.0 |  -nan |  -nan | 100.0 |  12.0
               +-------+-------+-------+-------+-------+----------------------
